 Dungeon Crawl Stone Soup version 0.32-a0-314-g526f7d4993 (webtiles) character file.

Game seed: 6878252709145883298

732 Bnni the Cleaver (level 7, -5/63 HPs)
             Began as a Mountain Dwarf Fighter on Feb 16, 2024.
             Slain by Edmund
             ... wielding a +4 flail of protection
              (8 damage)
             ... on level 5 of the Dungeon.
             The game lasted 00:09:20 (3281 turns).

Bnni the Cleaver (Mountain Dwarf Fighter)           Turns: 3281, Time: 00:09:21

Health: -5/63      AC:  9    Str: 20    XL:     7   Next: 45%
Magic:  7/7        EV:  7    Int:  9    God:
Gold:   173        SH:  4    Dex:  9    Spells: 6/6 levels left

rFire   . . .        a - +0 war axe
rCold   . . .        c - +0 buckler
rNeg    . . .        m - +0 chain mail
rPois   .            (no helmet)
rElec   .            (no cloak)
rCorr   .            (no gloves)
SInv    .            (no boots)
Will    .....        l - amulet of regeneration Stlth
                     (no ring)
HPRegen 1.10/turn    (no ring)
MPRegen 0.10/turn

%: no passive effects
@: no status effects
A: runic magic, artefact enchanting
a: no special abilities


You were on level 5 of the Dungeon.
You visited 1 branch of the dungeon, and saw 5 of its levels.
You also visited: Ossuary.

You collected 173 gold pieces.

Inventory:

Hand Weapons
 a - a +0 war axe (weapon)
Missiles
 g - 6 darts of dispersal (quivered)
 y - 5 javelins
Armour
 c - a +0 buckler (worn)
 m - a +0 chain mail (worn)
Jewellery
 l - an amulet of regeneration (around neck)
 x - a ring of ice
Wands
 t - a wand of polymorph (6)
 z - a wand of flame (12)
Scrolls
 b - a scroll of amnesia {unknown}
 f - 2 scrolls of identify {unknown}
 i - a scroll of revelation {unknown}
 j - a scroll of blinking {unknown}
 k - a scroll of immolation {unknown}
 n - 3 scrolls of enchant armour {unknown}
 o - 3 scrolls of teleportation {unknown}
 r - 2 scrolls of poison
 u - 3 scrolls of silence {unknown}
 w - a scroll of enchant weapon {unknown}
Potions
 d - 3 potions of might
 e - a potion of curing
 h - 2 potions of magic {unknown}
 p - a potion of attraction {unknown}
 q - 2 potions of enlightenment {unknown}
 v - a potion of invisibility {unknown}


   Skills:
 + Level 6.2 Fighting
 * Level 8.4 Axes
 - Level 3.2 Armour
 - Level 3.2 Shields


You had 6 spell levels left.
You didn't know any spells.
Your spell library contained the following spells:

 Spells                   Type           Power      Damage    Failure   Level
 Apportation              Tloc           0%         N/A       63%         1
 Freeze                   Ice            0%         1d3       63%         1
 Ensorcelled Hibernation  Hex/Ice        0%         N/A       77%         2
 Jinxbite                 Hex            0%         N/A       77%         2
 Frozen Ramparts          Ice            0%         1d1       94%         3
 Hailstorm                Conj/Ice       0%         3d5       94%         3
 Tukima's Dance           Hex            0%         N/A       94%         3
 Dimensional Bullseye     Hex/Tloc       0%         N/A       100%        4
 Iskenderun's Mystic Bla  Conj/Tloc      0%         2d3       100%        4
 Alistair's Intoxication  Alch           0%         N/A       100%        5
 Sculpt Simulacrum        Ice/Alch       0%         N/A       100%        6


Dungeon Overview and Level Annotations

Branches:
Dungeon (5/15)            Ossuary (visited)
 Temple: D:4-7

Altars:
Cheibriados
Sif Muna
Wu Jian
Yredelemnul
The Shining One

Shops:
D:2 *

Annotations:
D:5 Edmund


Innate Abilities, Weirdness & Mutations

Your spellcasting is much less encumbered by armour.
You can use scrolls of enchantment on lesser artefacts.


Message History

Edmund hits you with a +4 flail of protection!
You closely miss Edmund.
Edmund is heavily wounded.
Edmund hits you with a +4 flail of protection!
* * * LOW HITPOINT WARNING * * *
You barely miss Edmund.
Edmund is heavily wounded.
You block Edmund's attack.
You closely miss Edmund.
Edmund is heavily wounded.
Edmund looks more healthy.
Edmund hits you with a +4 flail of protection!
* * * LOW HITPOINT WARNING * * *
You slash Edmund!
Edmund is severely wounded.
Edmund hits you with a +4 flail of protection!
* * * LOW HITPOINT WARNING * * *
It was a potion of curing.
You feel better.
Edmund hits you with a +4 flail of protection.
* * * LOW HITPOINT WARNING * * *
Unknown command.
You closely miss Edmund.
Edmund is severely wounded.
Edmund hits you with a +4 flail of protection!
* * * LOW HITPOINT WARNING * * *
Unknown command.
You feel better. Edmund hits you but does no damage.
You feel better.
Edmund hits you with a +4 flail of protection.
* * * LOW HITPOINT WARNING * * *
You hit Edmund but do no damage.
Edmund is severely wounded.
Edmund closely misses you.
You barely miss Edmund.
Edmund is severely wounded.
Edmund hits you with a +4 flail of protection!
* * * LOW HITPOINT WARNING * * *
Edmund hits you with a +4 flail of protection!
You die...
Edmund says, "That'll show my brother!"

#.# #.#
#.#.......#..
..#.......#.. ..
##.^..._......##..
..#.......#.#....
#.#.......#.......
#@# ..... #.......
#@####.####.......
#(...Y......#+#...
###.........#.#...
#...............
#....#..........
#....#.###......
#....#..........
#..........###..


You could see Edmund.

Vanquished Creatures
  An ice beast (D:5)
  A weeping skull (Ossuary)
  A burial acolyte (Ossuary)
  A bombardier beetle (D:4)
  A human zombie (Ossuary)
  3 hounds
  2 jellies
  A sleepcap (D:5)
  An iguana (D:4)
  5 mummies (Ossuary)
  3 adders
  2 ribbon worms
  2 dart slugs (D:2)
  An orc (D:5)
  6 bats
  7 endoplasms
  2 giant cockroaches (D:1)
  4 gnoll zombies (Ossuary)
  9 goblins
  8 hobgoblins
  7 jackals
  5 kobolds
  3 quokkas
  5 ball pythons
  6 frilled lizards
  2 kobold zombies (Ossuary)
  An orc zombie (Ossuary)
  3 rats
93 creatures vanquished.

Notes
Turn   | Place    | Note
-------+----------+-------------------------------------------
     0 | D:1      | Bnni the Mountain Dwarf Fighter began the quest for the
                  | Orb.
     0 | D:1      | Reached XP level 1. HP: 19/19 MP: 1/1
   159 | D:1      | Reached skill level 3 in Axes
   159 | D:1      | Reached XP level 2. HP: 26/26 MP: 2/2
   527 | D:1      | Got the Almanac of the Deep Freeze
   828 | D:2      | Reached XP level 3. HP: 31/31 MP: 3/3
   907 | D:2      | Reached skill level 4 in Axes
   958 | D:2      | You fall into a shaft and drop 1 floor!
   987 | D:2      | Found Huguvof's General Store.
  1007 | D:2      | Found a shimmering blue altar of Sif Muna.
  1024 | D:2      | Reached XP level 4. HP: 30/40 MP: 4/4
  1399 | D:3      | Found a snail-covered altar of Cheibriados.
  1610 | D:3      | Reached skill level 5 in Axes
  2048 | D:4      | Found a sand-covered staircase.
  2054 | Ossuary  | Entered an ossuary
  2075 | Ossuary  | Reached XP level 5. HP: 23/47 MP: 5/5
  2147 | Ossuary  | Reached skill level 5 in Fighting
  2147 | Ossuary  | Reached skill level 6 in Axes
  2184 | Ossuary  | Reached XP level 6. HP: 29/56 MP: 6/6
  2332 | D:4      | Reached skill level 7 in Axes
  2397 | D:4      | Found a glowing golden altar of the Shining One.
  2681 | D:4      | Found an ornate altar of the Wu Jian Council.
  2787 | D:4      | Reached XP level 7. HP: 62/62 MP: 7/7
  2962 | D:5      | Entered Level 5 of the Dungeon
  3216 | D:5      | Reached skill level 8 in Axes
  3234 | D:5      | Found a basalt altar of Yredelemnul.
  3234 | D:5      | Noticed Edmund
  3275 | D:5      | HP: 2/63 [Edmund/+4 flail of protection (7)]
  3281 | D:5      | HP: 3/63 [Edmund/+4 flail of protection (14)]
  3281 | D:5      | Slain by Edmund

Illustrated notes

Levels and vault maps discovered:
D:1:      dpeg_arrival_rhombi, layout_loops_ring, chequers_arboretum
D:2:      layout_rooms, basic_altar, serial_shops, shop
D:3:      layout_loops_ring, lemuel_doored_altar
D:4:      layout_gridville, tso_metal_star, nicolae_wu_jian_glorious_leap,
          nicolae_ossuary_entry_plus, hangedman_decor_peaks_small,
          hangedman_decor_riveting
D:5:      layout_basic, lemuel_tele_altar, uniq_edmund

Skill      XL: |  1  2  3  4  5  6  7 |
---------------+----------------------+-----
Axes           | 3 4 5 6 7 8 |  8.4
Fighting       | 4 5 6 |  6.2
Armour         | |  3.2
Shields        | |  3.2

Action                     |  1- 3 |  4- 6 |  7- 9 || total
---------------------------+-------+-------+-------++-------
  Melee: War axe           |    78 |   176 |    46 ||   300
  Throw: Dart              |       |       |     5 ||     5
    Use: Potion            |       |       |     3 ||     3
 Armour: Scale mail        |    61 |    14 |       ||    75
         Chain mail        |       |    99 |    47 ||   146
  Dodge: Dodged            |    40 |    55 |    10 ||   105
  Block: Buckler           |    22 |    34 |    11 ||    67

Table legend: (Time is in decaauts)
 A = Elapsed time spent in this place.
 B = Non-inter-level travel time spent in this place.
 C = Inter-level travel time spent in this place.
 D = Time resting spent in this place.
 E = Time spent auto-exploring this place.
 F = Levels seen in this place.
 G = Mean time per level.
                   A        B        C        D        E       F      G
               +--------+--------+--------+--------+--------+-----+--------+
         Total |   3353 |   3308 |     45 |     35 |   2498 |   6 |  558.8 |
       Dungeon |   3085 |   3040 |     45 |      0 |   2374 |   5 |  617.0 |
       Ossuary |    268 |    268 |      0 |     35 |    124 |   1 |  268.0 |
               +--------+--------+--------+--------+--------+-----+--------+

Top non-repeatable levels by time:
     D:1: 837 daAuts
     D:3: 729 daAuts
     D:4: 673 daAuts
     D:2: 521 daAuts
     D:5: 324 daAuts
 Ossuary: 268 daAuts
